 Dungeon Sprint DCSS version 0.31-a0-986-g5e6e4ef867 (webtiles) character file.

Game seed: 9905495776686242432

2526 rocky1 the Martial Artist (level 9, -3/71 HPs)
             Began as an Octopode Shapeshifter on Nov 14, 2023.
             Was an Initiate of Gozag.
             Slain by a tengu warrior
             ... wielding a +3 heavy great mace
              (26 damage)
             ... in the Dungeon (Sprint IX: "|||||||||||||||||||||||||||||").
             The game lasted 00:02:42 (627 turns).

rocky1 the Martial Artist (Octopode Shapeshifter)    Turns: 627, Time: 00:02:43

Health: -3/71      AC:  1    Str: 16    XL:     9   Next: 54%
Magic:  9/9        EV: 18    Int: 12    God:    Gozag
Gold:   514        SH:  0    Dex: 19    Spells: 8/8 levels left

rFire   . .          .
                       - Unarmed
rCold   . . .        (no shield)
rNeg    . . .        (helmet currently unavailable)
rPois   .            (no amulet)
rElec   .            m - +3 ring of strength
rCorr   .            n - +3 ring of dexterity
SInv    .            (no ring)
Will    .....        (no ring)
Stlth   ++++         (no ring)
HPRegen 0.31/turn    (no ring)
MPRegen 0.11/turn    (no ring)
                     (no ring)

%: no teleportation
@: beast-form, gold aura, on berserk cooldown, slowed, very slow
A: beast (slay +4), almost no armour, amphibious, 8 rings, camouflage 1,
gelatinous body 1, (nimble swimmer 1), tentacles
a: Begin Untransformation, Renounce Religion, Potion Petition, Call Merchant,
Bribe Branch


You were in the Dungeon.
You worshipped Gozag.
Gozag was pleased with you.
You were a hulking beast.
You visited 1 branch You collected 891 gold pieces.
You paid 377 gold pieces to Gozag.

Inventory:

Jewellery
 m - a +3 ring of strength (left tentacle)
 n - a +3 ring of dexterity (right tentacle)
Talismans
 b - a beast talisman
 c - a flux talisman
Scrolls
 j - 2 scrolls of amnesia
Potions
 a - a potion of lignification
 d - a potion of invisibility
 f - a potion of haste
 g - 4 potions of magic
 h - a potion of berserk rage
 i - 4 potions of curing


   Skills:
 * Level 10.4 Fighting
 + Level 7.9 Dodging
 + Level 5.4 Stealth
 * Level 11.7 Unarmed Combat
 - Level 6.3 Evocations
 * Level 10.8 Shapeshifting


You had 8 spell levels left.
You didn't know any spells.
Your spell library was empty.

Dungeon Overview and Level Annotations

Branches:
Dungeon (1/1)

Altars:
Cheibriados
Dithmenos
Elyvilon
Fedhas
Gozag
Hepliaklqana
Kikubaaqudgha
Makhleb
Nemelex Xobeh
Okawaru
Qazlal
Ru
Sif Muna
Trog
Uskayaw
Vehumet
Wu Jian
Xom
Yredelemnul
Zin
The Shining One
Jiyva
Lugonu


Innate Abilities, Weirdness & Mutations

You are a hulking beast.
Your limbs bulge with bestial killing power. (Slay +4)
You cannot wear most types of armour.
You are amphibious.
You can wear up to eight rings at the same time.
Your skin changes colour to match your surroundings (Stealth+).
Your rubbery body absorbs attacks. (AC +1, EV +1)
((You are camouflaged when in or above water. (Stealth+)))
You have tentacles for arms and can constrict up to eight enemies at once.


Message History

* * * LOW HITPOINT WARNING * * *
The tengu warrior pecks you.
* * * LOW HITPOINT WARNING * * *
The tengu warrior claws you.
* * * LOW HITPOINT WARNING * * *
Okay, then.
Blink to where?
Press: ? - help, Dir - move target, p - tengu warrior
As you read the scroll of blinking, it crumbles to dust.
You close the door, pushing everything out of the way.
Things that are here:
a +0 giant spiked club; a +0 giant club
Okay, then. [a] - 377 gold - heal wounds, curing and berserk rage [b] - 390 gold - heal wounds, curing and berserk rage [c] - 312 gold - brilliance and magic Purchase which effect?
You no longer have enough gold to fund merchants seeking to open stores in the dungeon.
You feel much better.
You feel better.
A red film seems to cover your vision as you go berserk!
You feel yourself moving faster!
You feel mighty!
Unknown command.
The door flies open with a bang!
You feel a strong urge to attack something.
There is an open door to the Dungeon, spattered with blood here.
You feel your anger nearly subside.
You are no longer berserk.
You are exhausted.
You feel yourself slow down. The tengu warrior misses you.
The tengu warrior pecks you! The tengu warrior claws you.
The blink frog blinks!
Things that are here:
a +0 short sword; 2 poisoned darts You closely miss the tengu warrior.
You grab the tengu warrior. Your squeeze misses the tengu warrior.
The tengu warrior is severely wounded.
You constrict the tengu warrior.
The blink frog blinks!
The tengu warrior hits you with a +3 heavy great mace!!
You die...
Your body crumbles into a pile of gold. ▓▓▓▓▓▓▓▓▓▓▓▓▓▓▓▓▓▓▓▓▓▓▓▓▓▓▓▓ ____'..).[[[.)'.hQ§)§$$...$. ▓▓▓▓▓▓▓▓▓▓▓▓▓▓▓▓▓▓▓▓▓▓▓▓▓▓▓▓

You could see a tengu warrior.

Vanquished Creatures
  A centaur warrior (D)
  2 two-headed ogres (D)
  A troll (D)
  A yak (D)
  An ice beast (D)
  A black bear (shapeshifter) (D)
  2 kobold brigands (D)
  A howler monkey (D)
  A sleepcap (D)
  An orc wizard (D)
  An adder (D)
  A shadow imp (D)
  A worm (D)
  A dart slug (D)
  A hobgoblin (D)
  A kobold (D)
  A ball python (D)
  A rat (D)
20 creatures vanquished.

Notes
Turn   | Place    | Note
-------+----------+-------------------------------------------
     0 | D        | rocky1 the Octopode Shapeshifter began the quest for the
                  | Orb.
     0 | D        | Reached XP level 1. HP: 13/13 MP: 1/1
    15 | D        | Reached skill level 4 in Unarmed Combat
    15 | D        | Reached XP level 2. HP: 18/18 MP: 2/2
   118 | D        | Noticed an ice beast
   130 | D        | Reached skill level 5 in Unarmed Combat
   130 | D        | Reached XP level 3. HP: 5/23 MP: 3/3
   132 | D        | Found a snail-covered altar of Cheibriados.
   132 | D        | Found a shadowy altar of Dithmenos.
   132 | D        | Found a white marble altar of Elyvilon.
   132 | D        | Found a blossoming altar of Fedhas.
   132 | D        | Found an opulent altar of Gozag.
   133 | D        | Found a hazy altar of Hepliaklqana.
   134 | D        | Found a viscous altar of Jiyva.
   135 | D        | Found an ancient bone altar of Kikubaaqudgha.
   136 | D        | Found a corrupted altar of Lugonu.
   137 | D        | Found a burning altar of Makhleb.
   138 | D        | Found a sparkling altar of Nemelex Xobeh.
   139 | D        | Found an iron altar of Okawaru.
   140 | D        | Became a worshipper of Gozag Ym Sagoz the Greedy
   144 | D        | Reached skill level 5 in Shapeshifting
   144 | D        | Found a stormy altar of Qazlal.
   145 | D        | Found a sacrificial altar of Ru.
   146 | D        | Found a shimmering blue altar of Sif Muna.
   147 | D        | Found a bloodstained altar of Trog.
   148 | D        | Found a hide-covered altar of Uskayaw.
   149 | D        | Found a radiant altar of Vehumet.
   150 | D        | Found an ornate altar of the Wu Jian Council.
   151 | D        | Found a shimmering altar of Xom.
   152 | D        | Found a basalt altar of Yredelemnul.
   153 | D        | Found a glowing silver altar of Zin.
   154 | D        | Found a glowing golden altar of the Shining One.
   241 | D        | Killed an ice beast
   242 | D        | Reached skill level 6 in Unarmed Combat
   242 | D        | Reached XP level 4. HP: 14/33 MP: 4/4
   242 | D        | Reached XP level 5. HP: 15/37 MP: 5/5
   456 | D        | Noticed a troll
   456 | D        | Noticed a two-headed ogre
   456 | D        | Noticed a kobold brigand
   456 | D        | Noticed a yak
   456 | D        | Noticed a kobold brigand
   459 | D        | Reached skill level 7 in Unarmed Combat
   459 | D        | Killed a kobold brigand
   459 | D        | Killed a kobold brigand
   460 | D        | Reached skill level 5 in Fighting
   460 | D        | Reached XP level 6. HP: 7/46 MP: 6/6
   460 | D        | Killed a troll
   460 | D        | Killed a yak
   461 | D        | Reached skill level 5 in Dodging
   461 | D        | Reached skill level 9 in Unarmed Combat
   461 | D        | Reached skill level 5 in Evocations
   461 | D        | Reached XP level 7. HP: 8/54 MP: 7/7
   463 | D        | Killed a two-headed ogre
   464 | D        | Reached skill level 10 in Unarmed Combat
   464 | D        | Reached XP level 8. HP: 18/62 MP: 8/8
   614 | D        | Noticed a two-headed ogre
   614 | D        | Noticed a tengu warrior
   614 | D        | Noticed a centaur warrior
   614 | D        | Noticed a guardian serpent
   617 | D        | Reached skill level 1 in Stealth
   617 | D        | Killed a two-headed ogre
   618 | D        | Reached skill level 11 in Unarmed Combat
   618 | D        | Reached skill level 10 in Shapeshifting
   618 | D        | Reached XP level 9. HP: 43/70 MP: 9/9
   618 | D        | Killed a centaur warrior
   619 | D        | Reached skill level 10 in Fighting
   619 | D        | Reached skill level 5 in Stealth
   619 | D        | a guardian serpent changed into a blink frog
   619 | D        | HP: 3/71 [tengu warrior/+3 heavy great mace (5)]
   627 | D        | Slain by a tengu warrior

Illustrated notes

Levels and vault maps discovered:
D:        linesprint [early_d, line_temple, items_1, d_10, items_2, lair_1,
          lair_end, items_3, orc_1, orc_end, items_4, d_15, swamp_1, shoals_1,
          snake_1, spider_1, d_20, vaults_1, items_5, swamp_end, shoals_end,
          snake_end, spider_end, vaults_end, d_27, items_6, zot_1, zot_end,
          crypt_end, forest_end, elf_end, slime_end, tomb_end, abyss_end,
          pan_hell_end]

Skill      XL: |  1  2  3  4  5  6  7  8  9 |
---------------+----------------------------+-----
Unarmed Combat | 4 5 6 7 9 10 11 | 11.7
Shapeshifting  | 4 6 7 8 9 10 | 10.8
Fighting       | 3 5 7 8 9 10 | 10.4
Dodging        | 3 4 5 6 7 |  7.9
Evocations     | 2 4 5 6 |  6.3
Stealth        | 4 5 |  5.4

Action                     |  1- 3 |  4- 6 |  7- 9 || total
---------------------------+-------+-------+-------++-------
  Melee: Unarmed           |    25 |       |     3 ||    28
         Constrict         |     7 |       |     1 ||     8
         Tentacles         |     6 |       |     1 ||     7
         Punch             |     1 |       |       ||     1
 Invoke: Potion Petition   |       |       |     1 ||     1
  Evoke: Wand              |     2 |     4 |     4 ||    10
    Use: Potion            |     2 |       |     2 ||     4
         Scroll            |     1 |       |     1 ||     2
 Armour: Skin              |     9 |     4 |    11 ||    24
  Dodge: Dodged            |    17 |     5 |     5 ||    27

Table legend: (Time is in decaauts)
 A = Elapsed time spent in this place.
 B = Non-inter-level travel time spent in this place.
 C = Inter-level travel time spent in this place.
 D = Time resting spent in this place.
 E = Time spent auto-exploring this place.
 F = Levels seen in this place.
 G = Mean time per level.
                   A        B        C        D        E       F      G
               +--------+--------+--------+--------+--------+-----+--------+
         Total |    622 |    622 |      0 |    434 |      0 |   1 |  622.0 |
       Dungeon |    622 |    622 |      0 |    434 |      0 |   1 |  622.0 |
               +--------+--------+--------+--------+--------+-----+--------+

Top non-repeatable levels by time:
       D: 622 daAuts
